 Dungeon Crawl Stone Soup version 0.17.0-28-g6e173f8 (webtiles) character file.

121 ShokerKer the Skirmisher (level 5, -1/34 HPs)
             Began as a Gargoyle Fighter on Nov 23, 2015.
             Killed from afar by Robin (9 damage)
             ... with a wand of flame
             ... on level 3 of the Dungeon.
             The game lasted 00:09:50 (2543 turns).

ShokerKer the Skirmisher (Gargoyle Fighter)         Turns: 2543, Time: 00:09:51

Health: -1/34      AC: 12    Str: 20    XL:     5   Next: 5%
Magic:  5/5        EV:  9    Int:  9    God:
Gold:   84         SH:  0    Dex:  9    Spells: 0 memorised, 4 levels left

rFire  . . .     SeeInvis .     a - +0 flail
rCold  . . .     Clarity  .     b - +0 scale mail
rNeg   + . .     SustAt   .     (no shield)
rPois  ∞         Gourm    .     (no helmet)
rElec  +         Spirit   .     (no cloak)
rCorr  .         Warding  .     (no gloves)
rMut   .         Stasis   .     i - +0 pair of boots
MR     .....                    (no amulet)
Stlth  ..........               (no ring)
                                (no ring)

@: not resistant to hostile enchantments, extremely unstealthy
A: negative energy resistance 1, electricity resistance, unbreathing,
petrification resistance, rot immunity, AC +4
a: no special abilities


You were on level 3 of the Dungeon.
You were not hungry.

You visited 1 branch of the dungeon, and saw 3 of its levels.

You collected 84 gold pieces.

Inventory:

Hand Weapons
 a - a +0 flail (weapon)
Armour
 b - a +0 scale mail (worn)
 i - a +0 pair of boots (worn)
Wands
 j - a wand of frost (16)
Scrolls
 h - a scroll of remove curse
 k - a scroll of fog {unknown}
Potions
 c - a potion of haste
 d - a potion of might
 g - 4 potions of curing
Comestibles
 e - a bread ration


   Skills:
 + Level 4.5 Fighting
 + Level 3.2 Maces & Flails
 + Level 4.2 Armour
   Level 3.2 Shields


You had 4 spell levels left.
You didn't know any spells.

Dungeon Overview and Level Annotations

Branches:
Dungeon (3/15)

Altars:

Annotations:
D:3 Robin


Innate Abilities, Weirdness & Mutations

You are resistant to torment.
Your stone body is resilient (AC +4).
You are immune to poison.
You resist negative energy.
You are resistant to electric shocks.
You can survive without breathing.
You are immune to petrification.
You are immune to rotting.


Message History

The orc wizard hits you but does no damage.
You closely miss the orc wizard. The orc wizard casts a spell at you.
The puff of frost hits you! The orc barely misses you.
The orc wizard hits you but does no damage.
You barely miss the orc wizard.
The orc priest calls down the wrath of Beogh upon you.
Something smites you!
* * * LOW HITPOINT WARNING * * *
The orc wizard hits you but does no damage.
The orc hits you but does no damage.
Drink which item? (? for menu, Esc to quit)
Okay, then.
The orc wizard points at you and mumbles some strange words.
The puff of flame hits you!
* * * LOW HITPOINT WARNING * * *
The orc wizard miscasts a cantrip.
Robin zaps a wand.
The puff of flame misses you.
Robin zaps a wand.
The puff of flame hits you!
You die...

...................
...................
..................
####.....#........
#.(....g(.........
#..###...(.......#
#........#(#####.
#...###.#.)<# ..
#...@####
#.#.....###
#.####....# ..#
##...## ..## ##oo.#
#.#o# #.#)o# ...#.#
##.. ..


You could see Robin, an orc priest, an orc wizard and 2 orcs.

Vanquished Creatures
  Terence (D:2)
  3 adders (D:2)
  2 worms (D:2)
  2 giant cockroaches
  13 goblins
  5 hobgoblins
  8 jackals
  8 kobolds
  A ball python (D:1)
  13 bats
  4 giant newts
  4 rats (D:1)
64 creatures vanquished.

Notes
Turn   | Place    | Note
--------------------------------------------------------------
     0 | D:1      | ShokerKer the Gargoyle Fighter began the quest for the Orb.
     0 | D:1      | Reached XP level 1. HP: 14/14 MP: 1/1
    61 | D:1      | Reached XP level 2. HP: 12/19 MP: 2/2
   723 | D:1      | Reached XP level 3. HP: 24/24 MP: 3/3
   809 | D:2      | Reached skill level 4 in Fighting
  1084 | D:2      | Reached XP level 4. HP: 22/30 MP: 4/4
  1408 | D:2      | Noticed Terence
  1420 | D:2      | Killed Terence
  1931 | D:3      | Noticed Robin
  1968 | D:2      | HP: 1/45 [hobgoblin/club[Robin] (2)]
  2280 | D:3      | Reached XP level 5. HP: 30/34 MP: 5/5
  2543 | D:3      | Killed from afar by Robin

Action                   |  1- 3 |  4- 6 || total
-------------------------+-------+-------++-------
Melee: Flail             |   122 |   102 ||   224
  Use: Potion            |     5 |     1 ||     6
       Scroll            |     3 |     1 ||     4
  Eat: Chunk             |       |     3 ||     3
       Bread ration      |       |     1 ||     1
